Login

Meltdown vs Wuhan Clan

Created - February 25, 2024 at 11:50

Goals
1 2 3 OT1 SO T
Meltdown 1 1 1 0 3 4
Wuhan Clan 1 1 1 0 2 3
Shots
1 2 3 OT1 SO T
Meltdown 6 10 11 0 6 27
Wuhan Clan 3 11 8 5 6 27

GoalsPenalties
1st period
1. Meltdown , Alexander Wennberg 5 (Morgan Frost 10, Esa Lindell 8) at 6:03
2. Wuhan Clan , Connor Clifton 4 (Elias Pettersson 17, Trevor Zegras 14) at 19:14
Morgan Frost (PRP) for Cross-checking (Minor) at 10:14
2nd period
3. Meltdown , Morgan Frost 9 (Alexander Wennberg 9, Daniel Sprong 9) at 1:34
4. Wuhan Clan , Adam Lowry 12 (Tomas Tatar 14, Aaron Ekblad 23) at 14:59 (PP)
Adam Lowry (WUH) for Tripping (Minor) at 2:43
Mikhail Sergachev (PRP) for Delaying the game (Minor) at 2:43
Jonas Siegenthaler (PRP) for Hooking (Minor) at 13:33
Connor Clifton (WUH) for Slashing (Minor) at 19:35
3rd period
5. Wuhan Clan , Elias Pettersson 18 (Dougie Hamilton 25, Mark Borowiecki 3) at 17:37 (SH)
6. Meltdown , Steven Stamkos 18 (Hugo Drax 22) at 18:16 (PP)
Jonas Siegenthaler (PRP) for Interference (Minor) at 5:15
Mark Borowiecki (WUH) for Holding (Minor) at 12:05
Connor Clifton (WUH) for Holding (Minor) at 16:54
Overtime #1
No Goal
Shootout
Meltdown, William Nylander - Stopped by Jacob Markstrom
Wuhan Clan, Elias Pettersson - Goal!
Meltdown, Steven Stamkos - Stopped by Jacob Markstrom
Wuhan Clan, Trevor Zegras - Stopped by Akira Schmid
Meltdown, Hugo Drax - Goal!
Wuhan Clan, Adam Lowry - Shot Misses the Net
Meltdown, Dylan Strome - Stopped by Jacob Markstrom
Wuhan Clan, Chu Kock - Shot Misses the Net
Meltdown, Daniel Sprong - Goal!
Wuhan Clan, David Krejci - Goal!
Meltdown, Bryan Rust - Goal!
Wuhan Clan, Dougie Hamilton - Stopped by Akira Schmid
Goalie Stats
Akira Schmid (PRP), 24 saves from 27 shots - (0.889), W, 28-16-3, 65:00 minutes
Jacob Markstrom (WUH), 24 saves from 27 shots - (0.889), OTL, 13-25-7, 65:00 minutes
3 StarsOfficial
1 - Alexander Wennberg (PRP)
2 - Morgan Frost (PRP)
3 - Elias Pettersson (WUH)
Referees : Unknown
Linesman : Unknown
Game Note
No Game Note
Finance
Level 1 -- Attendance: 4932 (75.88%) -- Ticket Income $493,200
Level 2 -- Attendance: 3557 (64.67%) -- Ticket Income $213,420
Level 3 -- Attendance: 1476 (59.04%) -- Ticket Income $51,660
Level 4 -- Attendance: 3037 (67.49%) -- Ticket Income $75,925
Luxury Box -- Attendance: 946 (63.07%) -- Ticket Income $189,200
Game was played at the Corona Place.
Total Attendance: 13948 (68.04%)
Total Ticket Income: $1,023,405
Other Income: $409,362
Total Income: $1,432,767



Team Name Goals Shots Shots Attemp Shots Blocked PIM HIT PP PK FO%
Meltdown 4276598351 / 3 (33%)153%
Wuhan Clan 32761128191 / 3 (33%)148%

Meltdown
Player Name POS G A P +/- PIM HIT SHT SB MP PP MP PP SHT PK MP PK SHT FO% FOT
Adam HenriqueC/LW000-2021017:592:4200:36050% 16
Alex IafalloLW000000000:000:0000:0000% 0
Alexander WennbergC/LW/RW1122011017:390:0002:27025% 4
Anthony DuclairLW/RW000001003:230:0000:0000% 0
Bryan RustLW/RW000-2023020:082:4210:000100% 1
Daniel SprongRW0112011016:110:0000:000100% 1
Dylan StromeC/RW000-2002020:522:4201:510100% 3
Esa LindellD0111024425:471:4132:3800% 0
Hugo DraxC/RW0110032124:092:3802:54043% 35
Jared SpurgeonD000-1000216:030:5202:2100% 0
Jonas SiegenthalerD0000441015:300:0000:0000% 0
Mikhail SergachevD000-12102229:124:0112:5400% 0
Morgan FrostC1122233015:110:0000:00056% 9
Noah HanifinD0000011024:514:0612:2300% 0
Oliver WahlstromRW000000000:000:0000:0000% 0
Patrik NemethD0001020013:340:0000:3200% 0
Steven StamkosC/RW1010034026:002:3832:57070% 10
William NylanderC/LW/RW0000002021:042:3800:030100% 1
Wuhan Clan
Player Name POS G A P +/- PIM HIT SHT SB MP PP MP PP SHT PK MP PK SHT FO% FOT
Aaron EkbladD0111002126:252:5112:5100% 0
Adam LowryC1010251020:192:5111:31063% 24
Chu KockRW0001024118:322:3320:00040% 5
Connor CliftonD1011441123:362:2401:0300% 0
David KrejciC/LW0000001020:002:5111:31050% 2
Dougie HamiltonD0110001321:222:3302:2900% 0
Elias PetterssonC1122007124:202:3303:49143% 28
Jack QuinnRW000-2000012:190:0000:0000% 0
Jacob LarssonD000-1020115:530:0000:0000% 0
Jason DickinsonC/LW000-2012012:190:0000:00056% 9
Jesperi KotkaniemiC/LW000000006:500:0000:0000% 1
Kevin LabancRW000000006:500:0000:0000% 0
Mark BorowieckiD0110230119:151:5002:1100% 0
Michael RasmussenC/LW000001106:500:0000:00017% 6
Tomas TatarLW/RW0110003017:412:5110:00067% 3
Travis DermottD000-1010318:261:1002:0600% 0
Trevor ZegrasC/LW0112003024:212:3303:4900% 1
Wyatt JohnstonC000-2001012:190:0000:0000% 1

Meltdown

5 vs 5 Forward
Line #Left WingCenterRight WingPHYDFOFWanted %Time %Time Play
1William NylanderHugo DraxSteven Stamkos1223431%14:39
2Bryan RustAdam HenriqueDylan Strome1223230%14:03
3Alexander WennbergMorgan FrostDaniel Sprong1222932%15:12
4Anthony DuclairSteven StamkosBryan Rust12257%3:23
5 vs 5 Defense
Line #DefenseDefensePHYDFOFWanted %Time %Time Play
1Noah HanifinMikhail Sergachev1223430%14:22
2Esa LindellPatrik Nemeth1223227%12:45
3Esa LindellJonas Siegenthaler1222924%11:21
4Jared SpurgeonMikhail Sergachev122519%8:49
Power Play Forward
Line #Left WingCenterRight WingPHYDFOFWanted %Time %Time Play
1William NylanderHugo DraxSteven Stamkos1135549%2:38
2Bryan RustAdam HenriqueDylan Strome1224551%2:42
Power Play Defense
Line #DefenseDefensePHYDFOFWanted %Time %Time Play
1Noah HanifinMikhail Sergachev1135568%3:39
2Esa LindellMikhail Sergachev1224532%1:41
Penalty Kill 4 Players Forward
Line #CenterWingPHYDFOFWanted %Time %Time Play
1Hugo DraxSteven Stamkos1225555%2:57
2Alexander WennbergDylan Strome1224545%2:27
Penalty Kill 4 Players Defense
Line #DefenseDefensePHYDFOFWanted %Time %Time Play
1Esa LindellMikhail Sergachev1225590%4:52
2Esa LindellMikhail Sergachev1224510%0:32
Penalty Kill 3 Players
Line #WingPHYDFOFWanted %Time %Time PlayDefenseDefensePHYDFOFWanted %Time %Time Play
1Hugo Drax122550%0:00 Esa LindellMikhail Sergachev122550%0:00
2Alexander Wennberg122450%0:00 Esa LindellMikhail Sergachev122450%0:00
4 vs 4 Forward
Line #CenterWingPHYDFOFWanted %Time %Time Play
1William NylanderHugo Drax1225566%1:19
2Steven StamkosDylan Strome1224534%0:40
4 vs 4 Defense
Line #DefensePHYDFOFWanted %Time %Time Play
1Noah HanifinMikhail Sergachev1225594%55% - 1:52
2Esa LindellMikhail Sergachev122456%45% - 0:07
Last Minutes Offensive
Left WingCenterRight WingDefenseDefense
William NylanderHugo DraxSteven StamkosNoah HanifinMikhail Sergachev
Last Minutes Defensive
Left WingCenterRight WingDefenseDefense
Adam HenriqueHugo DraxAlexander WennbergPatrik NemethEsa Lindell
Time
Total ForwardTotal DefenseLast Minutes OffensiveLast Minutes Defensive
60:00 60:00 0:000:00
Extra Forwards
Normal PowerPlayPenalty Kill
Daniel Sprong, Alexander Wennberg, Morgan FrostAdam Henrique, Alexander WennbergMorgan Frost
Extra Defensemen
Normal PowerPlayPenalty Kill
Esa Lindell, Jonas Siegenthaler, Jared SpurgeonEsa Lindell, Esa LindellNoah Hanifin
Penalty Shots
William Nylander, Steven Stamkos, Hugo Drax, Dylan Strome, Daniel Sprong
Goalie
Akira Schmid, Vitek Vanecek
Custom OT Lines Forwards
Hugo Drax, William Nylander, Steven Stamkos, Dylan Strome, Adam Henrique, Daniel Sprong, Alexander Wennberg, Bryan Rust, Alex Iafallo, Anthony Duclair
Custom OT Lines Defensemen
Mikhail Sergachev, Noah Hanifin, Jared Spurgeon, Patrik Nemeth, Esa Lindell
Scratches
Brandon Carlo (Healthy), Casey Mittelstadt (Healthy), Daniel Vladar (Healthy)

Wuhan Clan

5 vs 5 Forward
Line #Left WingCenterRight WingPHYDFOFWanted %Time %Time Play
1Trevor ZegrasElias PetterssonChu Kock1223030%14:22
2David KrejciAdam LowryTomas Tatar1222829%13:46
3Wyatt JohnstonJason DickinsonJack Quinn1222626%12:19
4Jesperi KotkaniemiMichael RasmussenKevin Labanc1221614%6:50
5 vs 5 Defense
Line #DefenseDefensePHYDFOFWanted %Time %Time Play
1Aaron EkbladConnor Clifton1223026%12:05
2Dougie HamiltonMark Borowiecki1222832%14:55
3Travis DermottJacob Larsson1222634%15:53
4Aaron EkbladConnor Clifton122169%4:24
Power Play Forward
Line #Left WingCenterRight WingPHYDFOFWanted %Time %Time Play
1Trevor ZegrasElias PetterssonChu Kock1225547%2:33
2David KrejciAdam LowryTomas Tatar1224553%2:51
Power Play Defense
Line #DefenseDefensePHYDFOFWanted %Time %Time Play
1Aaron EkbladConnor Clifton1225555%2:58
2Dougie HamiltonMark Borowiecki1224545%2:26
Penalty Kill 4 Players Forward
Line #CenterWingPHYDFOFWanted %Time %Time Play
1Elias PetterssonTrevor Zegras1225572%3:49
2Adam LowryDavid Krejci1224528%1:31
Penalty Kill 4 Players Defense
Line #DefenseDefensePHYDFOFWanted %Time %Time Play
1Aaron EkbladConnor Clifton1225553%2:51
2Dougie HamiltonMark Borowiecki1224547%2:29
Penalty Kill 3 Players
Line #WingPHYDFOFWanted %Time %Time PlayDefenseDefensePHYDFOFWanted %Time %Time Play
1Elias Pettersson122550%0:00 Aaron EkbladConnor Clifton122550%0:00
2Adam Lowry122450%0:00 Dougie HamiltonMark Borowiecki122450%0:00
4 vs 4 Forward
Line #CenterWingPHYDFOFWanted %Time %Time Play
1Elias PetterssonTrevor Zegras1225549%0:58
2Adam LowryDavid Krejci1224551%1:01
4 vs 4 Defense
Line #DefensePHYDFOFWanted %Time %Time Play
1Aaron EkbladConnor Clifton1225551%55% - 1:01
2Dougie HamiltonMark Borowiecki1224549%45% - 0:58
Last Minutes Offensive
Left WingCenterRight WingDefenseDefense
Trevor ZegrasElias PetterssonChu KockAaron EkbladConnor Clifton
Last Minutes Defensive
Left WingCenterRight WingDefenseDefense
Trevor ZegrasElias PetterssonChu KockAaron EkbladConnor Clifton
Time
Total ForwardTotal DefenseLast Minutes OffensiveLast Minutes Defensive
60:00 60:00 0:000:00
Extra Forwards
Normal PowerPlayPenalty Kill
David Krejci, Tomas Tatar, Jason DickinsonDavid Krejci, Tomas TatarDavid Krejci
Extra Defensemen
Normal PowerPlayPenalty Kill
Mark Borowiecki, Travis Dermott, Jacob LarssonMark Borowiecki, Mark BorowieckiTravis Dermott
Penalty Shots
Elias Pettersson, Trevor Zegras, Adam Lowry, Chu Kock, David Krejci
Goalie
Jacob Markstrom, James Reimer
Custom OT Lines Forwards
Elias Pettersson, Trevor Zegras, Adam Lowry, Chu Kock, David Krejci, Tomas Tatar, Jason Dickinson, Michael Rasmussen, Jesperi Kotkaniemi, Wyatt Johnston
Custom OT Lines Defensemen
Aaron Ekblad, Connor Clifton, Dougie Hamilton, Mark Borowiecki, Travis Dermott
Scratches
Blake Coleman (Healthy), Alexander Nylander (Healthy), Gabriel Carlsson (Healthy)


Play-by-Play

1st period


0:01 of 1st period - Hugo Drax wins face-off versus Elias Pettersson in neutral zone.
0:09 of 1st period - Steven Stamkos is hit by Connor Clifton and loses puck.
0:48 of 1st period - Icing by Connor Clifton.
0:49 of 1st period - Morgan Frost wins face-off versus Chu Kock in Wuhan Clan zone.
0:49 of 1st period - Morgan Frost is hit by Connor Clifton.
1:27 of 1st period - Shot by Adam Lowry.
1:27 of 1st period - Shot Misses the Net.
1:56 of 1st period - Icing by Travis Dermott.
1:57 of 1st period - Jason Dickinson wins face-off versus Adam Henrique in Wuhan Clan zone.
1:57 of 1st period - Jason Dickinson is hit by Adam Henrique.
2:06 of 1st period - Jason Dickinson is hit by Mikhail Sergachev and loses puck.
2:18 of 1st period - Wyatt Johnston is hit by Mikhail Sergachev and loses puck.
3:03 of 1st period - Shot by Steven Stamkos.
3:03 of 1st period - Shot Misses the Net.
3:05 of 1st period - Shot by Hugo Drax.
3:05 of 1st period - Shot Misses the Net.
3:09 of 1st period - Shot by William Nylander.
3:09 of 1st period - Stopped by Jacob Markstrom without a rebound.
3:10 of 1st period - Hugo Drax wins face-off versus Adam Lowry in Wuhan Clan zone.
3:37 of 1st period - Shot by Hugo Drax.
3:37 of 1st period - Shot Misses the Net.
3:39 of 1st period - Shot by Hugo Drax.
3:39 of 1st period - Shot Blocked by Dougie Hamilton.
5:08 of 1st period - Trevor Zegras is hit by Mikhail Sergachev and loses puck.
6:01 of 1st period - Shot by Morgan Frost.
6:01 of 1st period - Shot Misses the Net.
6:03 of 1st period - Shot by Alexander Wennberg.
6:03 of 1st period - Goal by Alexander Wennberg - Meltdown : 1 - Wuhan Clan : 0.
6:04 of 1st period - Bryan Rust wins face-off versus Michael Rasmussen in neutral zone.
6:07 of 1st period - Kevin Labanc is hit by Bryan Rust and loses puck.
7:38 of 1st period - Shot by Hugo Drax.
7:38 of 1st period - Shot Misses the Net.
7:40 of 1st period - Shot by Hugo Drax.
7:40 of 1st period - Stopped by Jacob Markstrom without a rebound.
7:41 of 1st period - Jason Dickinson wins face-off versus Hugo Drax in Wuhan Clan zone.
7:55 of 1st period - Jason Dickinson is hit by Mikhail Sergachev and loses puck.
8:56 of 1st period - Patrik Nemeth is hit by Adam Lowry and loses puck.
9:31 of 1st period - Shot by Jesperi Kotkaniemi.
9:31 of 1st period - Shot Misses the Net.
10:14 of 1st period - Minor Penalty to Morgan Frost for Cross-checking.
10:15 of 1st period - Adam Lowry wins face-off versus Hugo Drax in Meltdown zone.
10:58 of 1st period - Shot by Chu Kock.
10:58 of 1st period - Stopped by Akira Schmid without a rebound.
10:59 of 1st period - Alexander Wennberg wins face-off versus Elias Pettersson in Meltdown zone.
12:25 of 1st period - Shot by Bryan Rust.
12:25 of 1st period - Shot Misses the Net.
13:18 of 1st period - Shot by Kevin Labanc.
13:18 of 1st period - Shot Misses the Net.
13:48 of 1st period - Shot by Bryan Rust.
13:48 of 1st period - Stopped by Jacob Markstrom without a rebound.
13:49 of 1st period - Adam Lowry wins face-off versus Hugo Drax in Wuhan Clan zone.
13:49 of 1st period - Adam Lowry is hit by Steven Stamkos.
14:07 of 1st period - Shot by Tomas Tatar.
14:07 of 1st period - Shot Misses the Net.
15:02 of 1st period - Icing by Mikhail Sergachev.
15:03 of 1st period - Hugo Drax wins face-off versus Jason Dickinson in Meltdown zone.
15:07 of 1st period - Icing by Mikhail Sergachev.
15:08 of 1st period - Adam Lowry wins face-off versus Hugo Drax in Meltdown zone.
15:18 of 1st period - Icing by Hugo Drax.
15:19 of 1st period - Jason Dickinson wins face-off versus Hugo Drax in Meltdown zone.
15:25 of 1st period - Icing by Mikhail Sergachev.
15:26 of 1st period - Adam Lowry wins face-off versus Steven Stamkos in Meltdown zone.
15:26 of 1st period - Adam Lowry is hit by Mikhail Sergachev.
15:35 of 1st period - David Krejci is hit by Mikhail Sergachev and loses puck.
15:50 of 1st period - Shot by Adam Lowry.
15:50 of 1st period - Shot Blocked by Mikhail Sergachev.
15:52 of 1st period - Shot by Adam Lowry.
15:52 of 1st period - Shot Misses the Net.
15:57 of 1st period - Adam Lowry is hit by Mikhail Sergachev and loses puck.
16:01 of 1st period - Adam Lowry is hit by Noah Hanifin and loses puck.
16:15 of 1st period - Jack Quinn is hit by Mikhail Sergachev and loses puck.
16:49 of 1st period - Shot by Adam Henrique.
16:49 of 1st period - Deflect By Dylan Strome.
16:49 of 1st period - Stopped by Jacob Markstrom without a rebound.
16:50 of 1st period - Morgan Frost wins face-off versus Elias Pettersson in Wuhan Clan zone.
17:06 of 1st period - Shot by Alexander Wennberg.
17:06 of 1st period - Shot Blocked by Dougie Hamilton.
17:08 of 1st period - Shot by Daniel Sprong.
17:08 of 1st period - Stopped by Jacob Markstrom without a rebound.
17:09 of 1st period - Adam Henrique wins face-off versus Adam Lowry in Wuhan Clan zone.
17:16 of 1st period - Icing by Adam Lowry.
17:17 of 1st period - Tomas Tatar wins face-off versus Adam Henrique in Wuhan Clan zone.
17:17 of 1st period - Tomas Tatar is hit by Bryan Rust.
17:24 of 1st period - David Krejci is hit by Patrik Nemeth.
17:27 of 1st period - Tomas Tatar is hit by Esa Lindell and loses puck.
17:40 of 1st period - Shot by Adam Lowry.
17:40 of 1st period - Shot Blocked by Esa Lindell.
17:44 of 1st period - Shot by David Krejci.
17:44 of 1st period - Shot Misses the Net.
18:41 of 1st period - Icing by Travis Dermott.
18:42 of 1st period - Adam Lowry wins face-off versus Adam Henrique in Wuhan Clan zone.
19:08 of 1st period - Shot by Elias Pettersson.
19:08 of 1st period - Deflect By Trevor Zegras.
19:08 of 1st period - Shot Misses the Net.
19:10 of 1st period - Shot by Elias Pettersson.
19:10 of 1st period - Shot Blocked by Jared Spurgeon.
19:12 of 1st period - Shot by Connor Clifton.
19:12 of 1st period - Shot Misses the Net.
19:14 of 1st period - Shot by Connor Clifton.
19:14 of 1st period - Goal by Connor Clifton - Meltdown : 1 - Wuhan Clan : 1.
19:15 of 1st period - Morgan Frost wins face-off versus Jason Dickinson in neutral zone.
19:27 of 1st period - Alexander Wennberg is hit by Mark Borowiecki and loses puck.
19:34 of 1st period - Shot by Wyatt Johnston.
19:34 of 1st period - Shot Misses the Net.
19:46 of 1st period - Shot by Jason Dickinson.
19:46 of 1st period - Shot Misses the Net.
19:48 of 1st period - Shot by Jack Quinn.
19:48 of 1st period - Shot Misses the Net.
19:50 of 1st period - Shot by Mark Borowiecki.
19:50 of 1st period - Shot Blocked by Esa Lindell.
19:52 of 1st period - Shot by Dougie Hamilton.
19:52 of 1st period - Stopped by Akira Schmid without a rebound.
19:53 of 1st period - Elias Pettersson wins face-off versus Hugo Drax in Meltdown zone.
19:53 of 1st period - Aaron Ekblad is hit by Mikhail Sergachev and loses puck.
Goals for this period are 1 for Meltdown vs 1 for Wuhan Clan.
Shots for this period are 6 for Meltdown vs 3 for Wuhan Clan.

2nd period


0:01 of 2nd period - Hugo Drax wins face-off versus Chu Kock in neutral zone.
0:20 of 2nd period - Shot by Elias Pettersson.
0:20 of 2nd period - Shot Blocked by Esa Lindell.
1:02 of 2nd period - Jason Dickinson is hit by Morgan Frost and loses puck.
1:34 of 2nd period - Shot by Morgan Frost.
1:34 of 2nd period - Goal by Morgan Frost - Meltdown : 2 - Wuhan Clan : 1.
1:35 of 2nd period - Adam Henrique wins face-off versus Michael Rasmussen in neutral zone.
1:51 of 2nd period - Patrik Nemeth is hit by Jacob Larsson and loses puck.
2:41 of 2nd period - Mikhail Sergachev is hit by Adam Lowry and loses puck.
2:43 of 2nd period - Minor Penalty to Adam Lowry for Tripping.
2:43 of 2nd period - Minor Penalty to Mikhail Sergachev for Delaying the game.
2:44 of 2nd period - William Nylander wins face-off versus Elias Pettersson in Meltdown zone.
2:59 of 2nd period - Shot by Hugo Drax.
2:59 of 2nd period - Deflect By William Nylander.
2:59 of 2nd period - Shot Blocked by Mark Borowiecki.
3:01 of 2nd period - Shot by Hugo Drax.
3:01 of 2nd period - Shot Misses the Net.
3:23 of 2nd period - Shot by Hugo Drax.
3:23 of 2nd period - Shot Misses the Net.
4:23 of 2nd period - Shot by William Nylander.
4:23 of 2nd period - Deflect By Hugo Drax.
4:23 of 2nd period - Shot Blocked by Connor Clifton.
4:47 of 2nd period - Shot by Jason Dickinson.
4:47 of 2nd period - Stopped by Akira Schmid with a rebound.
5:42 of 2nd period - Jason Dickinson is hit by Anthony Duclair and loses puck.
6:08 of 2nd period - Icing by Noah Hanifin.
6:09 of 2nd period - Steven Stamkos wins face-off versus Jesperi Kotkaniemi in Meltdown zone.
6:13 of 2nd period - Off-side.
6:14 of 2nd period - Adam Henrique wins face-off versus Elias Pettersson in neutral zone.
6:25 of 2nd period - Shot by Bryan Rust.
6:25 of 2nd period - Deflect By Dylan Strome.
6:25 of 2nd period - Stopped by Jacob Markstrom with a rebound.
6:45 of 2nd period - Shot by Adam Henrique.
6:45 of 2nd period - Shot Misses the Net.
6:47 of 2nd period - Shot by Bryan Rust.
6:47 of 2nd period - Shot Misses the Net.
6:57 of 2nd period - Shot by William Nylander.
6:57 of 2nd period - Shot Blocked by Aaron Ekblad.
6:59 of 2nd period - Shot by Esa Lindell.
6:59 of 2nd period - Stopped by Jacob Markstrom with a rebound.
7:47 of 2nd period - Dougie Hamilton is hit by Alexander Wennberg and loses puck.
8:00 of 2nd period - Icing by Dougie Hamilton.
8:01 of 2nd period - Dylan Strome wins face-off versus David Krejci in Wuhan Clan zone.
8:10 of 2nd period - Shot by Adam Henrique.
8:10 of 2nd period - Stopped by Jacob Markstrom without a rebound.
8:11 of 2nd period - Michael Rasmussen wins face-off versus Hugo Drax in Wuhan Clan zone.
8:11 of 2nd period - Michael Rasmussen is hit by Steven Stamkos.
8:32 of 2nd period - William Nylander is hit by Jacob Larsson and loses puck.
8:39 of 2nd period - Shot by Hugo Drax.
8:39 of 2nd period - Stopped by Jacob Markstrom without a rebound.
8:40 of 2nd period - Adam Lowry wins face-off versus Adam Henrique in Wuhan Clan zone.
8:49 of 2nd period - Shot by Tomas Tatar.
8:49 of 2nd period - Stopped by Akira Schmid with a rebound.
9:09 of 2nd period - Shot by Adam Lowry.
9:09 of 2nd period - Shot Misses the Net.
9:11 of 2nd period - Shot by David Krejci.
9:11 of 2nd period - Shot Misses the Net.
9:22 of 2nd period - Off-side.
9:23 of 2nd period - Hugo Drax wins face-off versus Jason Dickinson in neutral zone.
9:30 of 2nd period - Shot by Steven Stamkos.
9:30 of 2nd period - Stopped by Jacob Markstrom with a rebound.
9:32 of 2nd period - Shot by Esa Lindell.
9:32 of 2nd period - Shot Misses the Net.
9:34 of 2nd period - Shot by Hugo Drax.
9:34 of 2nd period - Shot Blocked by Jacob Larsson.
10:07 of 2nd period - Shot by Morgan Frost.
10:07 of 2nd period - Shot Misses the Net.
11:12 of 2nd period - Elias Pettersson is hit by Jonas Siegenthaler and loses puck.
11:53 of 2nd period - Shot by William Nylander.
11:53 of 2nd period - Stopped by Jacob Markstrom without a rebound.
11:54 of 2nd period - Adam Lowry wins face-off versus Hugo Drax in Wuhan Clan zone.
12:58 of 2nd period - Shot by Morgan Frost.
12:58 of 2nd period - Stopped by Jacob Markstrom without a rebound.
12:59 of 2nd period - Adam Henrique wins face-off versus Michael Rasmussen in Wuhan Clan zone.
13:14 of 2nd period - Shot by Michael Rasmussen.
13:14 of 2nd period - Stopped by Akira Schmid without a rebound.
13:15 of 2nd period - Steven Stamkos wins face-off versus Jason Dickinson in Meltdown zone.
13:15 of 2nd period - Steven Stamkos is hit by Jason Dickinson.
13:18 of 2nd period - Icing by Bryan Rust.
13:19 of 2nd period - Steven Stamkos wins face-off versus Elias Pettersson in Meltdown zone.
13:33 of 2nd period - Minor Penalty to Jonas Siegenthaler for Hooking.
13:34 of 2nd period - Tomas Tatar wins face-off versus Hugo Drax in Meltdown zone.
13:53 of 2nd period - Shot by David Krejci.
13:53 of 2nd period - Stopped by Akira Schmid without a rebound.
13:54 of 2nd period - Hugo Drax wins face-off versus Trevor Zegras in Meltdown zone.
14:51 of 2nd period - Shot by Aaron Ekblad.
14:51 of 2nd period - Shot Blocked by Jared Spurgeon.
14:53 of 2nd period - Shot by Aaron Ekblad.
14:53 of 2nd period - Stopped by Akira Schmid without a rebound.
14:54 of 2nd period - Adam Lowry wins face-off versus Hugo Drax in Meltdown zone.
14:57 of 2nd period - Shot by Tomas Tatar.
14:57 of 2nd period - Shot Misses the Net.
14:59 of 2nd period - Shot by Adam Lowry.
14:59 of 2nd period - Goal by Adam Lowry - Meltdown : 2 - Wuhan Clan : 2.
15:00 of 2nd period - Steven Stamkos wins face-off versus Michael Rasmussen in neutral zone.
15:07 of 2nd period - Michael Rasmussen is hit by Steven Stamkos and loses puck.
16:06 of 2nd period - Shot by Elias Pettersson.
16:06 of 2nd period - Stopped by Akira Schmid without a rebound.
16:07 of 2nd period - Adam Lowry wins face-off versus Morgan Frost in Meltdown zone.
16:20 of 2nd period - Shot by Daniel Sprong.
16:20 of 2nd period - Shot Blocked by Dougie Hamilton.
16:37 of 2nd period - Shot by Daniel Sprong.
16:37 of 2nd period - Shot Misses the Net.
16:39 of 2nd period - Shot by Esa Lindell.
16:39 of 2nd period - Shot Misses the Net.
16:41 of 2nd period - Shot by Jonas Siegenthaler.
16:41 of 2nd period - Stopped by Jacob Markstrom without a rebound.
16:42 of 2nd period - Elias Pettersson wins face-off versus Adam Henrique in Wuhan Clan zone.
17:07 of 2nd period - Shot by Elias Pettersson.
17:07 of 2nd period - Stopped by Akira Schmid without a rebound.
17:08 of 2nd period - Jason Dickinson wins face-off versus Hugo Drax in Meltdown zone.
17:13 of 2nd period - Shot by Wyatt Johnston.
17:13 of 2nd period - Shot Misses the Net.
17:15 of 2nd period - Shot by Wyatt Johnston.
17:15 of 2nd period - Stopped by Akira Schmid with a rebound.
17:25 of 2nd period - Shot by Wyatt Johnston.
17:25 of 2nd period - Shot Misses the Net.
17:37 of 2nd period - Shot by Jason Dickinson.
17:37 of 2nd period - Shot Misses the Net.
17:43 of 2nd period - Shot by Jason Dickinson.
17:43 of 2nd period - Stopped by Akira Schmid without a rebound.
17:44 of 2nd period - Morgan Frost wins face-off versus Elias Pettersson in Meltdown zone.
17:56 of 2nd period - Elias Pettersson is hit by Jonas Siegenthaler and loses puck.
18:07 of 2nd period - Shot by Trevor Zegras.
18:07 of 2nd period - Stopped by Akira Schmid without a rebound.
18:08 of 2nd period - Adam Lowry wins face-off versus Adam Henrique in Meltdown zone.
18:08 of 2nd period - Tomas Tatar is hit by Jonas Siegenthaler and loses puck.
18:54 of 2nd period - Adam Lowry is hit by Patrik Nemeth and loses puck.
19:34 of 2nd period - Hugo Drax is hit by Connor Clifton and loses puck.
19:35 of 2nd period - Minor Penalty to Connor Clifton for Slashing.
19:36 of 2nd period - Hugo Drax wins face-off versus Elias Pettersson in Wuhan Clan zone.
19:53 of 2nd period - Shot by Steven Stamkos.
19:53 of 2nd period - Shot Blocked by Elias Pettersson.
19:55 of 2nd period - Shot by Mikhail Sergachev.
19:55 of 2nd period - Deflect By Steven Stamkos.
19:55 of 2nd period - Stopped by Jacob Markstrom without a rebound.
19:56 of 2nd period - Dylan Strome wins face-off versus Adam Lowry in Wuhan Clan zone.
Goals for this period are 1 for Meltdown vs 1 for Wuhan Clan.
Shots for this period are 10 for Meltdown vs 11 for Wuhan Clan.

3rd period


0:01 of 3rd period - Hugo Drax wins face-off versus Elias Pettersson in neutral zone.
0:37 of 3rd period - Shot by William Nylander.
0:37 of 3rd period - Deflect By Steven Stamkos.
0:37 of 3rd period - Stopped by Jacob Markstrom without a rebound.
0:38 of 3rd period - Adam Lowry wins face-off versus Adam Henrique in Wuhan Clan zone.
0:38 of 3rd period - Adam Lowry is hit by Adam Henrique.
0:50 of 3rd period - Shot by Esa Lindell.
0:50 of 3rd period - Shot Misses the Net.
0:52 of 3rd period - Shot by Mikhail Sergachev.
0:52 of 3rd period - Shot Misses the Net.
0:54 of 3rd period - Shot by Esa Lindell.
0:54 of 3rd period - Stopped by Jacob Markstrom without a rebound.
0:55 of 3rd period - Adam Henrique wins face-off versus Elias Pettersson in Wuhan Clan zone.
1:39 of 3rd period - Jonas Siegenthaler is hit by Travis Dermott and loses puck.
1:43 of 3rd period - Icing by Travis Dermott.
1:44 of 3rd period - Jason Dickinson wins face-off versus Hugo Drax in Wuhan Clan zone.
1:44 of 3rd period - Jason Dickinson is hit by Hugo Drax.
2:59 of 3rd period - David Krejci is hit by Morgan Frost and loses puck.
3:32 of 3rd period - Icing by Mikhail Sergachev.
3:33 of 3rd period - Elias Pettersson wins face-off versus Morgan Frost in Meltdown zone.
3:46 of 3rd period - Shot by Chu Kock.
3:46 of 3rd period - Shot Misses the Net.
3:48 of 3rd period - Shot by Elias Pettersson.
3:48 of 3rd period - Stopped by Akira Schmid without a rebound.
3:49 of 3rd period - Hugo Drax wins face-off versus Michael Rasmussen in Meltdown zone.
4:02 of 3rd period - Shot by Jesperi Kotkaniemi.
4:02 of 3rd period - Shot Hit the Post.
4:39 of 3rd period - Adam Henrique is hit by Michael Rasmussen and loses puck.
5:15 of 3rd period - Minor Penalty to Jonas Siegenthaler for Interference.
5:16 of 3rd period - Hugo Drax wins face-off versus Tomas Tatar in Meltdown zone.
5:16 of 3rd period - Steven Stamkos is hit by Adam Lowry and loses puck.
6:11 of 3rd period - Shot by Dougie Hamilton.
6:11 of 3rd period - Shot Misses the Net.
6:13 of 3rd period - Shot by Dougie Hamilton.
6:13 of 3rd period - Shot Blocked by Mikhail Sergachev.
6:15 of 3rd period - Shot by Chu Kock.
6:15 of 3rd period - Shot Blocked by Esa Lindell.
6:17 of 3rd period - Shot by Elias Pettersson.
6:17 of 3rd period - Deflect By Chu Kock.
6:17 of 3rd period - Stopped by Akira Schmid without a rebound.
6:18 of 3rd period - Adam Lowry wins face-off versus Alexander Wennberg in Meltdown zone.
6:21 of 3rd period - Shot by Tomas Tatar.
6:21 of 3rd period - Stopped by Akira Schmid without a rebound.
6:22 of 3rd period - Elias Pettersson wins face-off versus Alexander Wennberg in Meltdown zone.
6:35 of 3rd period - Shot by Chu Kock.
6:35 of 3rd period - Deflect By Elias Pettersson.
6:35 of 3rd period - Shot Misses the Net.
7:23 of 3rd period - Shot by Jason Dickinson.
7:23 of 3rd period - Shot Misses the Net.
7:37 of 3rd period - Shot by Alexander Wennberg.
7:37 of 3rd period - Shot Blocked by Travis Dermott.
7:51 of 3rd period - Wyatt Johnston is hit by Morgan Frost and loses puck.
8:14 of 3rd period - Shot by Bryan Rust.
8:14 of 3rd period - Stopped by Jacob Markstrom without a rebound.
8:15 of 3rd period - Adam Lowry wins face-off versus Steven Stamkos in Wuhan Clan zone.
8:27 of 3rd period - Icing by Steven Stamkos.
8:28 of 3rd period - Steven Stamkos wins face-off versus Elias Pettersson in Meltdown zone.
8:48 of 3rd period - Esa Lindell is hit by Chu Kock and loses puck.
9:08 of 3rd period - Icing by Elias Pettersson.
9:09 of 3rd period - Elias Pettersson wins face-off versus Morgan Frost in Wuhan Clan zone.
9:09 of 3rd period - Elias Pettersson is hit by Daniel Sprong.
9:18 of 3rd period - Shot by Alexander Wennberg.
9:18 of 3rd period - Shot Blocked by Chu Kock.
9:28 of 3rd period - Shot by Alexander Wennberg.
9:28 of 3rd period - Shot Misses the Net.
9:30 of 3rd period - Shot by Mikhail Sergachev.
9:30 of 3rd period - Stopped by Jacob Markstrom without a rebound.
9:31 of 3rd period - Adam Lowry wins face-off versus Hugo Drax in Wuhan Clan zone.
9:37 of 3rd period - Aaron Ekblad is hit by Hugo Drax and loses puck.
9:47 of 3rd period - David Krejci is hit by Esa Lindell and loses puck.
10:01 of 3rd period - Tomas Tatar is hit by Jonas Siegenthaler and loses puck.
11:37 of 3rd period - Off-side.
11:38 of 3rd period - Elias Pettersson wins face-off versus Morgan Frost in neutral zone.
11:45 of 3rd period - Off-side.
11:46 of 3rd period - Elias Pettersson wins face-off versus Hugo Drax in neutral zone.
12:05 of 3rd period - Minor Penalty to Mark Borowiecki for Holding.
12:06 of 3rd period - Elias Pettersson wins face-off versus Hugo Drax in Wuhan Clan zone.
12:27 of 3rd period - Shot by Hugo Drax.
12:27 of 3rd period - Shot Misses the Net.
12:29 of 3rd period - Shot by Mikhail Sergachev.
12:29 of 3rd period - Shot Misses the Net.
12:31 of 3rd period - Shot by Noah Hanifin.
12:31 of 3rd period - Stopped by Jacob Markstrom with a rebound.
13:24 of 3rd period - Icing by Noah Hanifin.
13:25 of 3rd period - David Krejci wins face-off versus Hugo Drax in Meltdown zone.
13:37 of 3rd period - Off-side.
13:38 of 3rd period - Adam Henrique wins face-off versus Adam Lowry in neutral zone.
13:47 of 3rd period - Shot by Mikhail Sergachev.
13:47 of 3rd period - Stopped by Jacob Markstrom with a rebound.
14:03 of 3rd period - Shot by Bryan Rust.
14:03 of 3rd period - Stopped by Jacob Markstrom without a rebound.
14:04 of 3rd period - Elias Pettersson wins face-off versus Hugo Drax in Wuhan Clan zone.
14:35 of 3rd period - Shot by Michael Rasmussen.
14:35 of 3rd period - Shot Misses the Net.
14:47 of 3rd period - Icing by Esa Lindell.
14:48 of 3rd period - Daniel Sprong wins face-off versus Elias Pettersson in Meltdown zone.
14:48 of 3rd period - Daniel Sprong is hit by Chu Kock.
14:55 of 3rd period - Icing by Esa Lindell.
14:56 of 3rd period - Elias Pettersson wins face-off versus Alexander Wennberg in Meltdown zone.
15:10 of 3rd period - Icing by Chu Kock.
15:11 of 3rd period - Adam Henrique wins face-off versus Elias Pettersson in Wuhan Clan zone.
15:17 of 3rd period - Adam Henrique is hit by Mark Borowiecki and loses puck.
15:26 of 3rd period - Shot by Elias Pettersson.
15:26 of 3rd period - Shot Misses the Net.
15:40 of 3rd period - Shot by Elias Pettersson.
15:40 of 3rd period - Stopped by Akira Schmid without a rebound.
15:41 of 3rd period - Adam Lowry wins face-off versus Steven Stamkos in Meltdown zone.
15:42 of 3rd period - Shot by Aaron Ekblad.
15:42 of 3rd period - Stopped by Akira Schmid without a rebound.
15:43 of 3rd period - Hugo Drax wins face-off versus Adam Lowry in Meltdown zone.
15:43 of 3rd period - Hugo Drax is hit by Adam Lowry.
15:51 of 3rd period - Aaron Ekblad is hit by Hugo Drax and loses puck.
15:58 of 3rd period - Shot by Steven Stamkos.
15:58 of 3rd period - Shot Misses the Net.
16:08 of 3rd period - Jared Spurgeon is hit by Adam Lowry and loses puck.
16:54 of 3rd period - Minor Penalty to Connor Clifton for Holding.
16:55 of 3rd period - Dylan Strome wins face-off versus Elias Pettersson in Wuhan Clan zone.
16:55 of 3rd period - Dylan Strome is hit by Mark Borowiecki.
17:15 of 3rd period - Shot by Trevor Zegras.
17:15 of 3rd period - Shot Misses the Net.
17:37 of 3rd period - Shot by Elias Pettersson.
17:37 of 3rd period - Goal by Elias Pettersson - Meltdown : 2 - Wuhan Clan : 3.
17:38 of 3rd period - Hugo Drax wins face-off versus Elias Pettersson in neutral zone.
18:02 of 3rd period - Shot by William Nylander.
18:02 of 3rd period - Deflect By Hugo Drax.
18:02 of 3rd period - Shot Misses the Net.
18:04 of 3rd period - Shot by Esa Lindell.
18:04 of 3rd period - Stopped by Jacob Markstrom without a rebound.
18:05 of 3rd period - Hugo Drax wins face-off versus Elias Pettersson in Wuhan Clan zone.
18:06 of 3rd period - Shot by Steven Stamkos.
18:06 of 3rd period - Shot Misses the Net.
18:08 of 3rd period - Shot by Esa Lindell.
18:08 of 3rd period - Shot Blocked by Travis Dermott.
18:10 of 3rd period - Shot by Esa Lindell.
18:10 of 3rd period - Shot Blocked by Travis Dermott.
18:12 of 3rd period - Shot by Esa Lindell.
18:12 of 3rd period - Stopped by Jacob Markstrom without a rebound.
18:13 of 3rd period - Hugo Drax wins face-off versus Adam Lowry in Wuhan Clan zone.
18:16 of 3rd period - Shot by Steven Stamkos.
18:16 of 3rd period - Goal by Steven Stamkos - Meltdown : 3 - Wuhan Clan : 3.
18:17 of 3rd period - Morgan Frost wins face-off versus Wyatt Johnston in neutral zone.
18:51 of 3rd period - Shot by Alexander Wennberg.
18:51 of 3rd period - Deflect By Morgan Frost.
18:51 of 3rd period - Stopped by Jacob Markstrom without a rebound.
18:52 of 3rd period - Adam Henrique wins face-off versus Adam Lowry in Wuhan Clan zone.
18:52 of 3rd period - Adam Henrique is hit by Connor Clifton.
19:18 of 3rd period - Tomas Tatar is hit by Mikhail Sergachev and loses puck.
19:23 of 3rd period - Shot by Tomas Tatar.
19:23 of 3rd period - Stopped by Akira Schmid without a rebound.
19:24 of 3rd period - Chu Kock wins face-off versus Hugo Drax in Meltdown zone.
19:39 of 3rd period - Shot by Elias Pettersson.
19:39 of 3rd period - Stopped by Akira Schmid with a rebound.
Goals for this period are 1 for Meltdown vs 1 for Wuhan Clan.
Shots for this period are 11 for Meltdown vs 8 for Wuhan Clan.

Overtime #1


0:01 of 1st overtime period - Elias Pettersson wins face-off versus Hugo Drax in neutral zone.
0:10 of 1st overtime period - Shot by Trevor Zegras.
0:10 of 1st overtime period - Stopped by Akira Schmid with a rebound.
1:05 of 1st overtime period - Shot by Chu Kock.
1:05 of 1st overtime period - Stopped by Akira Schmid without a rebound.
1:06 of 1st overtime period - Steven Stamkos wins face-off versus Adam Lowry in Meltdown zone.
1:31 of 1st overtime period - Shot by Adam Lowry.
1:31 of 1st overtime period - Deflect By Chu Kock.
1:31 of 1st overtime period - Stopped by Akira Schmid without a rebound.
1:32 of 1st overtime period - Hugo Drax wins face-off versus Adam Lowry in Meltdown zone.
1:45 of 1st overtime period - Shot by Elias Pettersson.
1:45 of 1st overtime period - Stopped by Akira Schmid without a rebound.
1:46 of 1st overtime period - Chu Kock wins face-off versus Hugo Drax in Meltdown zone.
2:44 of 1st overtime period - Shot by Dylan Strome.
2:44 of 1st overtime period - Shot Misses the Net.
3:05 of 1st overtime period - Icing by Steven Stamkos.
3:06 of 1st overtime period - Steven Stamkos wins face-off versus Chu Kock in Meltdown zone.
3:15 of 1st overtime period - Shot by Dylan Strome.
3:15 of 1st overtime period - Shot Misses the Net.
3:29 of 1st overtime period - Shot by Trevor Zegras.
3:29 of 1st overtime period - Stopped by Akira Schmid without a rebound.
3:30 of 1st overtime period - Elias Pettersson wins face-off versus Adam Henrique in Meltdown zone.
4:01 of 1st overtime period - Shot by William Nylander.
4:01 of 1st overtime period - Shot Misses the Net.
4:03 of 1st overtime period - Shot by Mikhail Sergachev.
4:03 of 1st overtime period - Shot Misses the Net.
4:43 of 1st overtime period - Shot by Adam Lowry.
4:43 of 1st overtime period - Shot Blocked by Hugo Drax.
Goals for this period are 0 for Meltdown vs 0 for Wuhan Clan.
Shots for this period are 0 for Meltdown vs 5 for Wuhan Clan.

ShootOut


5:00 of 1st overtime period - Round #1.
5:00 of 1st overtime period - Meltdown, William Nylander.
5:00 of 1st overtime period - Stopped by Jacob Markstrom.
5:00 of 1st overtime period - Wuhan Clan, Elias Pettersson.
5:00 of 1st overtime period - Goal by Elias Pettersson.
5:00 of 1st overtime period - Round #2.
5:00 of 1st overtime period - Meltdown, Steven Stamkos.
5:00 of 1st overtime period - Stopped by Jacob Markstrom.
5:00 of 1st overtime period - Wuhan Clan, Trevor Zegras.
5:00 of 1st overtime period - Stopped by Akira Schmid.
5:00 of 1st overtime period - Round #3.
5:00 of 1st overtime period - Meltdown, Hugo Drax.
5:00 of 1st overtime period - Goal by Hugo Drax.
5:00 of 1st overtime period - Wuhan Clan, Adam Lowry.
5:00 of 1st overtime period - Shot Misses the Net.
5:00 of 1st overtime period - Round #4.
5:00 of 1st overtime period - Meltdown, Dylan Strome.
5:00 of 1st overtime period - Stopped by Jacob Markstrom.
5:00 of 1st overtime period - Wuhan Clan, Chu Kock.
5:00 of 1st overtime period - Shot Misses the Net.
5:00 of 1st overtime period - Round #5.
5:00 of 1st overtime period - Meltdown, Daniel Sprong.
5:00 of 1st overtime period - Goal by Daniel Sprong.
5:00 of 1st overtime period - Wuhan Clan, David Krejci.
5:00 of 1st overtime period - Goal by David Krejci.
5:00 of 1st overtime period - Round #6.
5:00 of 1st overtime period - Meltdown, Bryan Rust.
5:00 of 1st overtime period - Goal by Bryan Rust.
5:00 of 1st overtime period - Wuhan Clan, Dougie Hamilton.
5:00 of 1st overtime period - Stopped by Akira Schmid.